 Dungeon Crawl Stone Soup version 0.18-a0-1157-g59db91b (webtiles) character file.

3871 Duffy the Thaumaturge (level 10, -1/56 HPs)
             Began as a Deep Elf Conjurer on Jan 23, 2016.
             Slain by a wolf spider (7 damage)
             ... on level 8 of the Dungeon.
             The game lasted 00:14:57 (10519 turns).

Duffy the Thaumaturge (Deep Elf Conjurer)          Turns: 10519, Time: 00:14:57

Health: -1/56      AC: 11    Str:  5    XL:     10   Next: 0%
Magic:  16/27      EV: 13    Int: 24    God:
Gold:   381        SH:  0    Dex: 15    Spells: 5 memorised, 15 levels left

rFire  . . .     SeeInvis .     s - +0 blowgun
rCold  . . .     Gourm    .     E - +0 robe {MR+}
rNeg   . . .     Faith    +     (no shield)
rPois  .         Spirit   .     (no helmet)
rElec  .         Dismiss  .     N - +0 cloak
rCorr  .         Reflect  .     (no gloves)
SustAt +         Harm     .     a - +2 pair of boots
MR     ++...                    C - amulet of faith
Stlth  ++........               q - +5 ring of protection
                                k - ring of sustain attributes

@: very resistant to hostile enchantments, unstealthy
A: no striking features
a: no special abilities


You were on level 8 of the Dungeon.
You were not hungry.

You visited 2 branches of the dungeon, and saw 9 of its levels.
You also visited: Sewer.

You collected 381 gold pieces.


   Skills:
 - Level 3.0 Fighting
 - Level 2.4 Dodging
 - Level 2.4 Stealth
 + Level 11.2 Spellcasting
 + Level 10.2 Conjurations
 - Level 2.0 Hexes
 - Level 9.4 Charms


You had 15 spell levels left.
You knew the following spells:

 Your Spells              Type           Power        Failure   Level  Hunger
a - Magic Dart            Conj           ####         1%          1    None
i - Iskenderun's Battles  Conj/Chrm      ######..     2%          5    ####...
l - Iskenderun's Mystic   Conj           ######..     1%          4    None
n - Fulminant Prism       Conj/Hex       #####.....   4%          4    None
s - Searing Ray           Conj           ######       1%          2    None

Inventory:

Hand Weapons
 s - a +0 blowgun (weapon)
 I - a +2 mace of protection
Missiles
 h - 2 throwing nets
 i - 43 poisoned needles (quivered)
Armour
 a - a +2 pair of boots (worn)
 E - a +0 robe of magic resistance (worn)
 N - a +0 cloak (worn)
Jewellery
 g - an uncursed ring of positive energy
 k - a ring of sustain attributes (left hand)
 q - a +5 ring of protection (right hand)
 y - an uncursed ring of wizardry
 C - an amulet of faith (around neck)
Wands
 B - a wand of slowing (48/48)
 J - a wand of digging (11/24)
 L - a wand of enslavement (10/24)
 M - a wand of cold (10/15)
Scrolls
 d - 6 scrolls of remove curse
 f - 5 scrolls of teleportation
 l - 2 scrolls of fear {unknown}
 m - a scroll of blinking {unknown}
 n - 2 scrolls of fog
 o - 2 scrolls of recharging
 p - a scroll of enchant armour {unknown}
 t - a scroll of enchant weapon {unknown}
 v - 2 scrolls of magic mapping {unknown}
 F - 2 scrolls of amnesia {unknown}
Potions
 e - 2 potions of heal wounds
 j - a potion of cancellation
 u - 4 potions of curing
 z - 2 potions of lignification
 D - a potion of poison {unknown}
 G - 4 potions of flight
 H - a potion of haste {unknown}
 O - 2 potions of berserk rage {unknown}
Books
 b - a book of Conjurations
Comestibles
 c - 8 bread rations
 r - 7 beef jerkies
 w - a fruit
 x - 5 meat rations
 A - a slice of pizza
 K - a chunk of flesh

Dungeon Overview and Level Annotations

Branches:
Dungeon (8/15)             Temple (1/1) D:6
   Lair: D:8-11

Altars:
Ashenzari
Cheibriados
Dithmenos
Elyvilon
Fedhas
Gozag
Makhleb
Nemelex Xobeh
Okawaru
Pakellas
Qazlal
Trog
Xom
Yredelemnul
Zin
The Shining One

Shops:
D:8 }


Message History

The wolf spider hits you! The wolf spider closely misses you.
Cast which spell? (? or * to list)
You conjure a globe of magical energy.
The wolf spider hits you!! The wolf spider completely misses you.
The wolf spider hits you. The wolf spider bites you.
Cast which spell? (? or * to list)
Aiming: Magic Dart
Press: ? - help, Shift-Dir - straight line, f - wolf spider
Aim: a wolf spider (clinging)
The magic dart hits the wolf spider.
The wolf spider is lightly wounded.
Your battlesphere fires!
The barrage of energy hits the wolf spider.
The wolf spider is moderately wounded.
The wolf spider barely misses you. The wolf spider completely misses you.
The hill giant hits your battlesphere with a giant club!!!
Your battlesphere is destroyed!
The wolf spider hits you! The wolf spider closely misses you.
Cast which spell? (? or * to list)
Aiming: Magic Dart
Press: ? - help, Shift-Dir - straight line, f/p - wolf spider
Aim: a wolf spider (moderately wounded, clinging)
The magic dart hits the wolf spider.
The wolf spider is moderately wounded.
The wolf spider misses you. x2
Cast which spell? (? or * to list)
Aiming: Magic Dart
Press: ? - help, Shift-Dir - straight line, f/p - wolf spider
Aim: a wolf spider (moderately wounded, clinging)
The magic dart hits the wolf spider.
The wolf spider is moderately wounded.
The wolf spider hits you!
The wolf spider bites you but does no damage.
The wolf spider hits you!
You die...

# ###o##### #.#
#...o...#####.#########.#
..#....).o##.))).(........#
...'..8.......#####.########
...#.......#C.# #.# ..
#....)..#..# #.# ######'#####..#
#.############# ##.##...
#...o#####.............. ##.#....
####.Cs@...############# ...#...
####.################ #..#.. #.#
#............. ##.#
#.###.###########. ...### ###
#.##..............
...#.####.######...........#####.
##.#.................#####.# #.
##.###....##########.# #.# #.
##.# #.#### #.# #.# #.


You could see a hill giant, a wolf spider and an orc.

Action                   |  1- 3 |  4- 6 |  7- 9 | 10-12 || total
-------------------------+-------+-------+-------+-------++-------
 Cast: Magic Dart        |    91 |    78 |   279 |     5 ||   453
       Searing Ray       |       |    12 |    32 |       ||    44
       Iskenderun's Batt |       |       |    30 |     1 ||    31
       Iskenderun's Myst |       |       |     1 |       ||     1
  Use: Scroll            |       |       |    10 |       ||    10
  Eat: Chunk             |     3 |     6 |    25 |     1 ||    35

Notes
Turn   | Place    | Note
--------------------------------------------------------------
     0 | D:1      | Duffy the Deep Elf Conjurer began the quest for the Orb.
     0 | D:1      | Reached XP level 1. HP: 10/10 MP: 6/6
   127 | D:1      | Reached XP level 2. HP: 15/15 MP: 2/8
   201 | D:1      | Learned a level 2 spell: Searing Ray
   361 | D:1      | Reached skill level 4 in Spellcasting
   375 | D:1      | Reached skill level 5 in Conjurations
   375 | D:1      | Reached XP level 3. HP: 19/19 MP: 0/10
  1991 | D:2      | Reached XP level 4. HP: 24/24 MP: 8/12
  1997 | D:2      | Learned a level 4 spell: Iskenderun's Mystic Blast
  2002 | D:2      | Learned a level 4 spell: Fulminant Prism
  2308 | D:3      | Reached skill level 1 in Hexes
  2356 | D:3      | Reached skill level 5 in Spellcasting
  2820 | D:3      | Reached skill level 2 in Hexes
  3140 | D:4      | Found a shadowy altar of Dithmenos.
  3146 | D:4      | Noticed an ogre
  3164 | D:4      | Killed an ogre
  3164 | D:4      | Reached skill level 2 in Fighting
  3164 | D:4      | Reached XP level 5. HP: 27/31 MP: 8/14
  3249 | D:4      | Reached skill level 3 in Fighting
  3249 | D:4      | Reached XP level 6. HP: 34/37 MP: 1/15
  3879 | D:4      | Reached skill level 6 in Spellcasting
  3879 | D:4      | Reached skill level 6 in Conjurations
  3963 | D:4      | Learned a level 5 spell: Iskenderun's Battlesphere
  3968 | D:4      | Reached skill level 1 in Charms
  3968 | D:4      | Reached XP level 7. HP: 38/41 MP: 10/18
  4100 | D:4      | Reached skill level 2 in Charms
  4275 | D:4      | Noticed Duffy's ghost (amateur DECj)
  4291 | D:5      | Entered Level 5 of the Dungeon
  4401 | D:5      | Noticed Menkaure
  4414 | D:5      | Killed Menkaure
  4414 | D:5      | Reached skill level 3 in Charms
  4482 | D:5      | Found an iron altar of Okawaru.
  4482 | D:5      | Noticed Eustachio
  4487 | D:5      | Killed Eustachio
  4487 | D:5      | Reached skill level 4 in Charms
  4488 | D:5      | Reached skill level 7 in Spellcasting
  4571 | D:5      | Reached skill level 5 in Charms
  4660 | D:5      | Noticed Grinder
  4679 | D:5      | Reached XP level 8. HP: 46/46 MP: 5/20
  4841 | D:4      | Killed Duffy's ghost
  4841 | D:4      | Reached skill level 7 in Conjurations
  4841 | D:4      | Reached skill level 6 in Charms
  5345 | D:5      | Paralysed by Grinder for 5 turns
  5353 | D:5      | Killed Grinder
  5353 | D:5      | Reached skill level 8 in Spellcasting
  6165 | D:6      | Reached skill level 8 in Conjurations
  6294 | D:6      | Noticed Sigmund
  6305 | D:6      | Found an oddly glowing altar of Pakellas.
  6317 | D:6      | Reached skill level 7 in Charms
  6320 | D:6      | Killed Sigmund
  6320 | D:6      | Reached skill level 9 in Spellcasting
  6413 | D:6      | Found a staircase to the Ecumenical Temple.
  6421 | Temple   | Entered the Ecumenical Temple
  6704 | D:6      | Noticed Blork the orc
  6709 | D:6      | Killed Blork the orc
  6709 | D:6      | Reached XP level 9. HP: 50/50 MP: 16/24
  6820 | D:6      | Found a stormy altar of Qazlal.
  6916 | D:6      | Reached skill level 8 in Charms
  6917 | D:6      | Found a glowing drain.
  6925 | Sewer    | Entered a sewer
  7808 | D:7      | Reached skill level 9 in Conjurations
  8027 | D:7      | Reached skill level 10 in Spellcasting
  8027 | D:7      | Reached skill level 9 in Charms
  9597 | D:8      | Found a burning altar of Makhleb.
  9704 | D:8      | Found Loboysirgh's Gadget Shoppe.
  9849 | D:8      | Reached skill level 10 in Conjurations
  9912 | D:8      | Reached skill level 11 in Spellcasting
 10479 | D:8      | Reached XP level 10. HP: 56/56 MP: 18/27
 10502 | D:8      | Noticed a hill giant
 10502 | D:8      | Noticed a wolf spider
 10519 | D:8      | Slain by a wolf spider

Vault maps used:
D:1:      dpeg_arrival_renting, minmay_newt_pond
D:3:      serial_undead, serial_undead_b, serial_undead_a, serial_undead_c,
          serial_undead_e, serial_undead_c, corexii_corridor_pit,
          serial_bayou_lagoon_b
D:4:      first_bread, minivault_27, minmay_gold_behind_fungi,
          nicolae_dithmenos_the_darkroom
D:5:      okawaru_metal_pillars_1_2, enter_ossuary_4, st_stairs_7,
          uniq_eustachio, uniq_grinder, uniq_menkaure
D:6:      marbit_many_paths, kennysheep_mini_moat, minmay_temple_entry_hall,
          portal_sewer_entry_b, uniq_blork_the_orc, uniq_sigmund
D:7:      serial_curves, eino_curves_02, eino_curves_02, serial_bayou_lagoon_a,
          grunt_ogre_cave
D:8:      nicolae_overflow_crystal_walls, serial_shops, nicolae_shop_crystal,
          minmay_three_doors
Temple:   chambers_temple_12
Sewer:    sewer_sea

Vanquished Creatures
  Grinder Sigmund Eustachio Menkaure
  The ghost of Duffy the Magician, an amateur DECj
  An eye of draining
  An ice beast
  7 ogres
  A sky beast
  A black bear
  A centaur Blork the orc
  4 giant frogs
  A wyvern skeleton
  4 killer bees
  3 wights
  An electric eel
  A giant frog zombie
  3 crimson imps
  3 hounds
  A gnoll shaman
  A quasit
  2 centaur skeletons
  3 orc priests
  A jelly
  2 iguanas
  8 orc wizards
  5 worker ants
  A siren
  A merfolk avatar
  2 hound zombies
  2 hound skeletons
  11 gnolls
  3 river rats
  10 adders
  2 shadow imps
  2 oozes
  An adder zombie
  An adder skeleton
  2 worms
  5 giant geckos
  38 orcs
  11 giant cockroaches
  5 goblins
  10 hobgoblins
  11 jackals
  8 kobolds
  5 quokkas
  4 ball pythons
  12 bats
  A giant gecko skeleton
  24 giant newts
  A goblin zombie
  A quokka zombie
  24 rats
  A rat zombie
  A fungus
  2 plants
263 creatures vanquished.
